 Dungeon Crawl Stone Soup version 0.25-a0-731-g0472a16d6a (webtiles) character file.

Game seed: 17229889249023162155, levelgen mode: deterministic

207 Amnesiac the Chiller (level 5, 0/28 HPs)
             Began as a Deep Elf Ice Elementalist on Apr 8, 2020.
             Killed by divine providence
             ... invoked by an orc priest
              (13 damage)
             ... on level 3 of the Dungeon.
             The game lasted 00:03:04 (962 turns).

Amnesiac the Chiller (Deep Elf Ice Elementalist)     Turns: 962, Time: 00:03:04

Health: 0/28       AC:  2    Str:  5    XL:     5   Next: 54%
Magic:  9/14       EV: 29    Int: 18    God:
Gold:   109        SH:  0    Dex: 25    Spells: 5/14 levels left

rFire    + . .     SeeInvis .   d - +1 hand axe of Kismet {vamp, Fragile rF+ Int-3 Dex+10} (curse)
rCold    . . .     Gourm    .   (no shield)
rNeg     . . .     Faith    .   a - +0 robe
rPois    .         Spirit   .   (no helmet)
rElec    .         Reflect  .   (no cloak)
rCorr    +         Harm     .   (no gloves)
MR       .....                  (no boots)
Stlth    ++++......             l - amulet of the acrobat
HPRegen  0.09/turn              g - ring of resist corrosion
MPRegen  0.14/turn              j - ring of stealth

@: acrobat, frozen ramparts
A: no striking features
a: no special abilities


You were on level 3 of the Dungeon.
You were not hungry.

You visited 1 branch of the dungeon, and saw 4 of its levels.

You collected 109 gold pieces.

Inventory:

Hand Weapons
 d - the cursed +1 hand axe of Kismet (weapon) {vamp, Fragile rF+ Int-3 Dex+10}
   (You found it on level 4 of the Dungeon)

   It inflicts no extra harm, but heals its wielder when it wounds a living foe.
   It affects your intelligence (-3).
   It affects your dexterity (+10).
   It protects you from fire.
   It will be destroyed if unequipped.
   It has a curse placed upon it.
Armour
 a - a +0 robe (worn)
Jewellery
 g - a ring of resist corrosion (left hand)
 j - a ring of stealth (right hand)
 l - an amulet of the acrobat (around neck)
Wands
 h - a wand of enslavement (10)
Scrolls
 i - a scroll of magic mapping {!r, unknown}
 k - a scroll of fog {!r, unknown}
 m - a scroll of enchant weapon {!r}
 o - a scroll of identify {!r}
 p - a scroll of amnesia {!r, unknown}
Potions
 b - a potion of brilliance {!q, unknown}
 e - 2 potions of degeneration {!q, unknown}
 n - a potion of haste {!q, unknown}
Comestibles
 c - 2 rations
 f - 9 chunks of flesh


   Skills:
 - Level 2.4 Dodging
 - Level 2.4 Stealth
 + Level 5.1 Spellcasting
 * Level 6.7 Ice Magic


You had 5 spell levels left.
You knew the following spells:

 Your Spells              Type           Power        Failure   Level  Hunger
a - Freeze                Ice            ####         1%          1    None
b - Frozen Ramparts       Ice            ####..       2%          3    ##.....
v - Blink                 Tloc           N/A          21%         2    #......
z - Ozocubu's Armour      Chrm/Ice       ###.....     10%         3    ##.....

Your spell library contained the following spells:

 Spells                   Type           Power        Failure   Level  Hunger
 Magic Dart               Conj           #...         13%         1    None
 Call Imp                 Summ           #.......     21%         2    #......
 Slow                     Hex            #.......     21%         2    #......
 Hailstorm                Conj/Ice       ###.....     32%         4    ####...
 Summon Ice Beast         Ice/Summ       ###.....     32%         4    ####...
 Conjure Flame            Conj/Fire      #.......     36%         3    ##.....
 Mephitic Cloud           Conj/Pois/Air  #.......     36%         3    ##.....


Dungeon Overview and Level Annotations

Branches:
Dungeon (4/15)
 Temple: D:4-7

Altars:
Ashenzari
Kikubaaqudgha
Sif Muna

Annotations:
D:4 exclusion: phantom


Message History

There is a stone staircase leading down here.
The orc hits you with a +0 club.
Casting: Freeze (safe; 1% risk of failure)
Confirm with . or Enter, or press ? or * to list all spells.
Aiming: Freeze (safe; 1% risk of failure)
Press: ? - help, Shift-Dir - straight line, f - orc
Aim: an orc, wielding a +0 club and wearing a +0 ring mail You freeze the orc!
You kill the orc!
Casting: Freeze (safe; 1% risk of failure)
Confirm with . or Enter, or press ? or * to list all spells.
You can't see any susceptible monsters within range! (Use Z to cast anyway.)
Casting: Freeze (safe; 1% risk of failure)
Confirm with . or Enter, or press ? or * to list all spells.
You can't see any susceptible monsters within range! (Use Z to cast anyway.)
p - a scroll labeled TOXTUPPILET {!r}
Things that are here:
a +0 club; a +0 ring mail; an orc corpse An orc comes into view.
It is wielding a +0 hand axe.
You butcher the orc corpse.
An orc priest comes into view.
It is wielding a +0 hand axe of draining.
Items here: % ) [ ÷ a +0 club; a +0 ring mail; 2 chunks of flesh; an orc skeleton Some of the chunks of flesh in your inventory have rotted away.
What are your orders? t - Shout!
Orders for allies: a - Attack new target. r - Retreat! s - Stop attacking. g - Guard the area. f - Follow me.
Anything else - Cancel.
You shout for attention!
You hear a shout! x2
An orc wizard comes into view. It is wielding a +0 dagger.
The orc throws a stone.
The stone misses you.
Found a ration.
Casting: Freeze (safe; 1% risk of failure)
Confirm with . or Enter, or press ? or * to list all spells.
The walls around you are covered in ice.
The wall freezes the orc wizard.
Casting: Frozen Ramparts (safe; 2% risk of failure)
Confirm with . or Enter, or press ? or * to list all spells.
Aiming: Freeze (safe; 1% risk of failure)
Press: ? - help, Shift-Dir - straight line, f - orc wizard
Aim: an orc wizard, wielding a +0 dagger and wearing a +0 leather armour (lightly wounded)
You freeze the orc wizard.
The orc wizard is moderately wounded.
The wall freezes the orc.
The orc priest invokes the aid of Beogh against you.
Beogh smites you!
* * * LOW HITPOINT WARNING * * *
The wall freezes the orc wizard!
Casting: Freeze (safe; 1% risk of failure)
Confirm with . or Enter, or press ? or * to list all spells.
Aiming: Freeze (safe; 1% risk of failure)
Press: ? - help, Shift-Dir - straight line, f/p - orc wizard
Aim: an orc wizard, wielding a +0 dagger and wearing a +0 leather armour (severely wounded)
You freeze the orc wizard!
You kill the orc wizard!
Your Spellcasting skill increases to level 5!
The wall freezes the orc.
You kill the orc!
The wall freezes the orc priest.
The orc priest invokes the aid of Beogh against you.
Beogh smites you!
You die...

#......÷....## ###.#...#
#.##.#.......#
#####.......##
#......÷..###......#.##.<#
###...........#.####.###..#
#########..##.# ##.# ##.(#
#...##.# #..# #.# ...#o#..#
#<## ... ..####)#.## #>#
##. .. ##@).####.# . #
#.).....#.# #.....>.#.#
#..(..$.#.# #..........
####.####.# #.. #.# ##.. #
...


You could see an orc priest.

Vanquished Creatures
  3 orc priests (D:4)
  An orc wizard (D:3)
  A worker ant (D:4)
  3 adders
  A worm (D:4)
  3 leopard geckos (D:4)
  8 orcs
  A giant cockroach (D:4)
  A goblin (D:3)
  A hobgoblin (D:2)
  2 quokkas (D:4)
  2 bats
  A frilled lizard (D:4)
  A rat (D:3)
29 creatures vanquished.

Notes
Turn   | Place    | Note
-------+----------+-------------------------------------------
     0 | D:1      | Amnesiac the Deep Elf Ice Elementalist began the quest for
                  | the Orb.
     0 | D:1      | Reached XP level 1. HP: 10/10 MP: 6/6
   106 | D:4      | Got a transparent hand axe
   197 | D:4      | Noticed a worker ant
   278 | D:3      | Found a shattered altar of Ashenzari.
   337 | D:2      | Reached XP level 2. HP: 15/15 MP: 2/8
   374 | D:2      | Reached skill level 5 in Ice Magic
   393 | D:3      | Identified the cursed +1 hand axe of Kismet {vamp, Fragile
                  | rF+ Int-3 Dex+10} (You found it on level 4 of the Dungeon)
   411 | D:3      | Reached XP level 3. HP: 14/19 MP: 5/10
   416 | D:3      | Learned a level 3 spell: Ozocubu's Armour
   539 | D:4      | Learned a level 3 spell: Frozen Ramparts
   584 | D:4      | Noticed a phantom
   696 | D:4      | Reached XP level 4. HP: 24/24 MP: 8/12
   719 | D:4      | Reached skill level 6 in Ice Magic
   805 | D:4      | Found a shimmering blue altar of Sif Muna.
   807 | D:4      | Found an ancient bone altar of Kikubaaqudgha.
   845 | D:4      | Reached XP level 5. HP: 28/28 MP: 8/14
   887 | D:4      | Learned a level 2 spell: Blink
   961 | D:3      | Reached skill level 5 in Spellcasting
   962 | D:3      | Killed from afar by an orc priest

Levels and vault maps discovered:
D:1:      kennysheep_arrival_forest, layout_rooms
D:2:      layout_basic, minmay_misc_feat_columns, trog_butcher_becter
D:3:      layout_rooms, grunt_dithmenos_smoke_and_mirrors, lemuel_doored_altar
D:4:      kennysheep_six_static_rooms, layout_basic, grunt_temple_overflow_open,
          minmay_temple_entry_sparse_star, first_ration, item_on_display_a

Skill      XL: |  1  2  3  4  5 |
---------------+----------------+-----
Ice Magic      | 5 6 |  6.7
Spellcasting   | 4 5 |  5.1
Dodging        | |  2.4
Stealth        | |  2.4

Action                   |  1- 3 |  4- 6 || total
-------------------------+-------+-------++-------
Melee: Hand axe          |     2 |     2 ||     4
 Cast: Freeze            |    20 |    15 ||    35
       Frozen Ramparts   |     2 |     3 ||     5
  Use: Scroll            |       |     2 ||     2
Armor: Robe              |     1 |       ||     1
Dodge: Dodged            |     8 |     5 ||    13

Table legend:
 A = Non-vault XP
 B = Vault XP
 C = Vault XP percentage of total XP
 D = Non-vault monster count
 E = Vault monster count
 F = Vault count percentage of total count
                 A         B        C        D         E       F
            +---------+---------+-------+---------+---------+-------
      Total |     296 |       0 |   0.0 |      29 |       0 |   0.0
            +---------+---------+-------+---------+---------+-------
        D:2 |      29 |       0 |   0.0 |       4 |       0 |   0.0
        D:3 |      66 |       0 |   0.0 |       7 |       0 |   0.0
        D:4 |     201 |       0 |   0.0 |      18 |       0 |   0.0
            +---------+---------+-------+---------+---------+-------
